 Dungeon Crawl Stone Soup version 0.28.0-53-g5a82cb258f (webtiles) character file.

Game seed: 5483505396720296068

76 SanguineChosen the Covered (level 4, -1/29 HPs)
             Began as a Gargoyle Fighter on July 16, 2022.
             Slain by an orc priest
             ... wielding a +0 dagger
              (2 damage)
             ... on level 3 of the Dungeon.
             The game lasted 00:03:56 (1848 turns).

SanguineChosen the Covered (Gargoyle Fighter)       Turns: 1848, Time: 00:03:56

Health: -1/29      AC: 11    Str: 22    XL:     4   Next: 32%
Magic:  4/4        EV: 10    Int:  8    God:
Gold:   134        SH:  4    Dex:  9    Spells: 3/3 levels left

rFire   . . .      SeeInvis .   a - +0 flail
rCold   + . .      Faith    .   c - +0 buckler
rNeg    + . .      Spirit   .   m - +2 ring mail {rC+}
rPois   ∞          Reflect  .   (no helmet)
rElec   +          Harm     .   (no cloak)
rCorr   .          Rampage  .   (no gloves)
Will    .....                   (no boots)
Stlth   ..........              (no amulet)
HPRegen 0.09/turn               (no ring)
MPRegen 0.09/turn               (no ring)

@: no status effects
A: sickness immunity, AC +3, negative energy resistance 1, electricity
resistance, torment resistance 1, petrification resistance
a: no special abilities


You were on level 3 of the Dungeon.
You visited 1 branch of the dungeon, and saw 3 of its levels.

You collected 134 gold pieces.

Inventory:

Hand Weapons
 a - a +0 flail (weapon)
 k - a +2 dagger of speed
Missiles
 n - 5 atropa-tipped darts (quivered)
Armour
 b - a +0 scale mail
 c - a +0 buckler (worn)
 m - a +2 ring mail of cold resistance (worn)
Scrolls
 f - a scroll of noise {unknown}
 g - 2 scrolls of identify {unknown}
 i - a scroll of teleportation {unknown}
 o - a scroll of fear {unknown}
Potions
 d - a potion of might
 e - 2 potions of cancellation {unknown}
 h - a potion of curing {unknown}
 j - a potion of heal wounds {unknown}
 l - a potion of degeneration {unknown}


   Skills:
 + Level 3.9 Fighting
 + Level 2.4 Maces & Flails
 + Level 4.1 Armour
 + Level 0.2 Stealth
 + Level 4.0 Shields


You had 3 spell levels left.
You didn't know any spells.
Your spell library was empty.

Dungeon Overview and Level Annotations

Branches:
Dungeon (3/15)

Altars:


Innate Abilities, Weirdness & Mutations

You are immune to sickness and miasma.
Your stone body is resilient. (AC +3)
You are immune to poison.
You resist negative energy. (rN+)
You are resistant to electric shocks. (rElec)
You are resistant to unholy torment.
You are immune to petrification.


Message History

Found 17 stones.
You open the door.
There is an open door here.
You open the door.
There is an open door here.
Found 2 javelins.
You now have 134 gold pieces (gained 9).
Found an escape hatch in the floor.
There is an escape hatch in the floor here. 2 orcs come into view.
The orc shouts! x2
The orc moves out of view.
An orc priest comes into view. It is wielding a +0 dagger.
The orc priest shouts!
You hear a shout!
The orc hits you but does no damage.
An orc comes into view. It is wielding a +0 dagger.
You closely miss the orc. The orc completely misses you.
You closely miss the orc. You block the orc's attack.
You hit the orc.
The orc is heavily wounded.
The orc hits you but does no damage.
You closely miss the orc.
The orc is heavily wounded.
The orc hits you but does no damage. The orc closely misses you.
You hit the orc.
You kill the orc!
You sock the orc priest!
The orc priest is heavily wounded.
The orc priest invokes the aid of Beogh against you.
Beogh smites you!
You closely miss the orc priest.
The orc priest is heavily wounded.
The orc priest hits you with a +0 dagger.
The orc priest mumbles some strange prayers to Beogh against you.
Beogh smites you!
* * * LOW HITPOINT WARNING * * *
You barely miss the orc priest.
The orc priest is heavily wounded.
The orc priest hits you with a +0 dagger.
You die...

.# ##...## ###.##### .#
##+# #.......# #.
#.#.###.# # ### #...# .
# ..# #.### #.#. #.#
#.# #.... #.# #.#####.#
#.#...#####.# #..(....#
.$...ooo@.#.###.#######
#.###.###...>...# #
###.##### #.#####.#
#.......# #########


You could see an orc priest and 2 orcs.

Vanquished Creatures
  3 adders
  3 dart slugs
  An orc (D:3)
  3 endoplasms
  2 giant cockroaches
  5 goblins
  6 hobgoblins
  7 kobolds
  A ball python (D:1)
  4 bats
  3 frilled lizards
  3 rats
41 creatures vanquished.

Notes
Turn   | Place    | Note
-------+----------+-------------------------------------------
     0 | D:1      | SanguineChosen the Gargoyle Fighter began the quest for the
                  | Orb.
     0 | D:1      | Reached XP level 1. HP: 14/14 MP: 1/1
   350 | D:1      | Reached XP level 2. HP: 19/19 MP: 2/2
   547 | D:1      | You fall into a shaft and drop 1 floor!
   596 | D:2      | Reached XP level 3. HP: 22/23 MP: 3/3
  1595 | D:3      | Reached XP level 4. HP: 29/29 MP: 4/4
  1847 | D:3      | HP: 1/29 [orc priest/divine providence (13)]
  1848 | D:3      | Slain by an orc priest

Illustrated notes

Levels and vault maps discovered:
D:1:      heliophobic_arrival_battle_scene, layout_rooms
D:2:      layout_basic
D:3:      layout_loops_corners, led_sif_pool

Skill      XL: |  1  2  3 |
---------------+----------+-----
Shields        | 4 |  4.0
Armour         | 4 |  4.1
Fighting       | |  3.9
Maces & Flails | |  2.4
Stealth        | |  0.2

Action                   |  1- 3 |  4- 6 || total
-------------------------+-------+-------++-------
Melee: Flail             |   100 |    21 ||   121
Armor: Scale mail        |    49 |       ||    49
       Ring mail         |     4 |     7 ||    11
Dodge: Dodged            |    47 |    15 ||    62
Block: Buckler           |    32 |     4 ||    36
